 Dungeon Crawl Stone Soup version 0.29.1-15-g9cfb28693d (webtiles) character file.

Game seed: 2351502072907712782

147 pokedragonboy the Magician (level 5, 28/28 HPs)
             Began as a Deep Elf Hedge Wizard on Mar 10, 2023.
             Quit the game on level 3 of the Dungeon.
             The game lasted 00:06:35 (3241 turns).

pokedragonboy the Magician (Deep Elf Hedge Wizard)  Turns: 3241, Time: 00:06:36

Health: 28/28      AC:  2    Str:  7    XL:     5   Next: 7%
Magic:  13/14      EV: 12    Int: 21    God:
Gold:   214        SH:  0    Dex: 14    Spells: 9/14 levels left

rFire   . . .      SeeInvis .   o - +3 whip (venom)
rCold   . . .      Faith    .   (no shield)
rNeg    . . .      Spirit   .   b - +0 robe
rPois   .          Reflect  .   c - +0 hat
rElec   .          Harm     .   (no cloak)
rCorr   .          Rampage  .   (no gloves)
Will    +....                   (no boots)
Stlth   ++........              (no amulet)
HPRegen 0.09/turn               k - ring of willpower
MPRegen 0.14/turn               (no ring)

@: no status effects
A: no striking features
a: no special abilities


You were on level 3 of the Dungeon.
You visited 1 branch of the dungeon, and saw 3 of its levels.

You collected 214 gold pieces.

Inventory:

Hand Weapons
 m - a +2 vorpal spear
 o - a +3 whip of venom (weapon)
 s - a +2 vorpal sling
Armour
 b - a +0 robe (worn)
 c - a +0 hat (worn)
Jewellery
 k - a ring of willpower (left hand)
Wands
 q - a wand of flame (12)
Scrolls
 g - a scroll of noise {unknown}
 j - 2 scrolls of amnesia {unknown}
 l - 2 scrolls of teleportation {unknown}
 n - a scroll of enchant armour {unknown}
 p - a scroll of butterflies {unknown}
 t - a scroll of identify {unknown}
 v - a scroll of brand weapon {unknown}
 w - 2 scrolls of enchant weapon {unknown}
Potions
 a - a potion of resistance {unknown}
 d - a potion of magic
 e - 3 potions of lignification {unknown}
 f - 2 potions of haste {unknown}
 h - 5 potions of curing {unknown}
 i - a potion of degeneration {unknown}
 r - a potion of attraction {unknown}
 u - a potion of might {unknown}


   Skills:
 - Level 2.4 Dodging
 - Level 2.4 Stealth
 + Level 5.4 Spellcasting
 * Level 3.9 Conjurations
 - Level 1.1 Summonings
 + Level 2.7 Translocations


You had 9 spell levels left.
You knew the following spells:

 Your Spells              Type           Power      Damage    Failure   Level
a - Magic Dart            Conj           88%        1d7       1%          1
c - Call Imp              Summ           10%        N/A       10%         2
m - Blink                 Tloc           34%        N/A       4%          2

Your spell library contained the following spells:

 Spells                   Type           Power      Damage    Failure   Level
 Lesser Beckoning         Tloc           17%        N/A       10%         3
 Slow                     Hex            20%        N/A       11%         1
 Conjure Flame            Conj/Fire      14%        6-21      14%         3
 Mephitic Cloud           Conj/Pois/Air  11%        N/A       19%         3
 Manifold Assault         Tloc           17%        N/A       67%         5


Dungeon Overview and Level Annotations

Branches:
Dungeon (3/15)

Altars:


Message History

You are very lightly contaminated with residual magic.
Nothing appears to happen.
The kobold throws a stone.
The stone hits you.
Casting: Magic Dart (safe; 1% risk of failure)
Confirm with . or Enter, or press ? or * to list all spells.
Aiming: Magic Dart (safe; 1% risk of failure)
Press: ? - help, Shift-Dir - straight line, f/p - kobold
Aim: a kobold, wielding a +0 club and quivering stones (100% to hit)
The magic dart hits the kobold but does no damage.
Casting: Magic Dart (safe; 1% risk of failure)
Confirm with . or Enter, or press ? or * to list all spells.
Aiming: Magic Dart (safe; 1% risk of failure)
Press: ? - help, Shift-Dir - straight line, f/p - kobold
Aim: a kobold, wielding a +0 club and quivering stones (100% to hit)
The magic dart hits the kobold.
You kill the kobold!
Casting: Magic Dart (safe; 1% risk of failure)
Confirm with . or Enter, or press ? or * to list all spells.
You can't see any susceptible monsters within range! (Use Z to cast anyway.) Unknown command.
Your magical contamination has completely faded away.
h - 5 golden potions (gained 1)
Things that are here:
a +0 club; 4 stones; a kobold corpse
Things that are here:
a +0 club; 3 poisoned darts
Found a stone staircase leading up.
Things that are here:
a +0 club; 3 poisoned darts
w - 2 scrolls labelled RIOXEO NARRA (gained 1)
Found an escape hatch in the ceiling.
Found a stone staircase leading down.
A kobold comes into view. It is wielding a +0 dagger.
A kobold is nearby!
Casting: Magic Dart (safe; 1% risk of failure)
Confirm with . or Enter, or press ? or * to list all spells.
Aiming: Magic Dart (safe; 1% risk of failure)
Press: ? - help, Shift-Dir - straight line, f - kobold
Aim: a kobold, wielding a +0 dagger and quivering stones (asleep, 100% to hit)
The magic dart hits the kobold!
You kill the kobold!
Are you sure you want to abandon this character and quit the game? (Confirm with "yes".)

...#).....#
<.#......#
........#
#.......#
#......$#
#.......#
####.......#
....>..@#+#
#####.##.#.##
............#
#
########.####
### #.# ..###
#.# ....###
#.# ......###
#.# #########
##......###
#.# #......<#


There were no monsters in sight!

Vanquished Creatures
  Natasha (thrice) (D:3)
  An adder (D:2)
  A worm (D:2)
  4 bats
  2 endoplasms (D:1)
  3 goblins
  5 hobgoblins
  6 jackals
  2 quokkas
  3 ball pythons
  3 frilled lizards
  10 kobolds
  3 rats
46 creatures vanquished.

Vanquished Creatures (collateral kills)
  An adder (D:2)
  A worm (D:3)
  A dart slug (D:3)
  A rat (D:3)
4 creatures vanquished.

Grand Total: 50 creatures vanquished

Notes
Turn   | Place    | Note
-------+----------+-------------------------------------------
     0 | D:1      | pokedragonboy the Deep Elf Hedge Wizard began the quest for
                  | the Orb.
     0 | D:1      | Reached XP level 1. HP: 10/10 MP: 7/7
   220 | D:1      | Found a faded altar of an unknown god.
   496 | D:1      | Reached XP level 2. HP: 8/15 MP: 2/9
   500 | D:1      | Learned a level 2 spell: Blink
   503 | D:1      | Learned a level 2 spell: Call Imp
  1348 | D:2      | Reached XP level 3. HP: 19/19 MP: 0/11
  2258 | D:3      | Reached skill level 5 in Spellcasting
  2576 | D:3      | Noticed Natasha
  2586 | D:3      | Killed Natasha
  2587 | D:3      | Reached XP level 4. HP: 13/24 MP: 1/13
  2800 | D:3      | Noticed Natasha
  2806 | D:3      | Killed Natasha
  2922 | D:3      | Noticed Natasha
  2933 | D:3      | Killed Natasha
  2934 | D:3      | Reached XP level 5. HP: 12/28 MP: 1/14
  3241 | D:3      | Quit the game

Illustrated notes

Levels and vault maps discovered:
D:1:      matt_arrival_refuge, layout_basic, ebering_ecumenical_altar_box,
          serial_park_tiny_1
D:2:      layout_basic, minmay_misc_feat_ornament, serial_bayou_crossing
D:3:      minmay_razor_zed, layout_basic, uniq_natasha

Skill      XL: |  1  2  3 |
---------------+----------+-----
Conjurations   | 2 3 |  3.9
Translocations | 2 |  2.7
Spellcasting   | 5 |  5.4
Dodging        | |  2.4
Stealth        | |  2.4
Summonings     | |  1.1

Action                   |  1- 3 |  4- 6 || total
-------------------------+-------+-------++-------
Melee: Dagger            |     7 |       ||     7
       Whip              |     4 |       ||     4
       Spear             |     2 |       ||     2
 Cast: Magic Dart        |    89 |    21 ||   110
       Call Imp          |     9 |     3 ||    12
       Blink             |     2 |     1 ||     3
Armor: Robe              |     6 |       ||     6
Dodge: Dodged            |    36 |     6 ||    42
